 Dungeon Crawl Stone Soup version 0.27-a0-1188-g73eefd5def (webtiles) character file.

Game seed: 15037391490448957815

336 Lemonice the Distorting Demonspawn (level 6, -5/48 HPs)
             Began as a Demonspawn Abyssal Knight on May 21, 2021.
             Was a Believer of Lugonu.
             Slain by a wyvern zombie (6 damage)
             ... on level 5 of the Dungeon.
             The game lasted 00:07:25 (6100 turns).

Lemonice the Distorting Demonspawn (DsAK)           Turns: 6100, Time: 00:07:27

Health: -5/48      AC: 14    Str: 13 (15) XL:     6   Next: 28%
Magic:  0/9        EV: 12    Int: 10 (13) God:    Lugonu [**....]
Gold:   165        SH:  0    Dex: 11 (12) Spells: 5/5 levels left

rFire    . . .     SeeInvis .   a - +1 hand axe
rCold    . . .     Faith    .   (no shield)
rNeg     . . .     Spirit   +   b - +0 leather armour
rPois    .         Reflect  .   (no helmet)
rElec    .         Harm     .   e - +0 cloak
rCorr    .         Rampage  .   (no gloves)
Will     .....                  d - +0 pair of boots
Stlth    +.........             (no amulet)
HPRegen  0.16/turn              (no ring)
MPRegen  0.22/turn              (no ring)

@: sanguine armoured
A: magic shield, magic regeneration, sanguine armour 2
a: Renounce Religion, Depart the Abyss, Bend Space


You were on level 5 of the Dungeon.
You worshipped Lugonu.
Lugonu was pleased with you.
You visited 1 branch of the dungeon, and saw 5 of its levels.
You visited the Abyss 1 time.

You collected 165 gold pieces.

Inventory:

Hand Weapons
 a - a +1 hand axe (weapon)
Armour
 b - a +0 leather armour (worn)
 d - a +0 pair of boots (worn)
 e - a +0 cloak (worn)
Wands
 p - a wand of charming (10)
Scrolls
 f - 10 scrolls of identify {unknown}
 j - 2 scrolls of summoning {unknown}
 k - 2 scrolls of blinking {unknown}
 n - a scroll of noise {unknown}
 r - a scroll of amnesia {unknown}
Potions
 c - a potion of brilliance
 h - 2 potions of curing


   Skills:
 + Level 4.1 Fighting
 + Level 3.1 Axes
 + Level 3.1 Armour
 + Level 2.5 Dodging
 + Level 4.3 Invocations


You had 5 spell levels left.
You didn't know any spells.
Your spell library contained the following spells:

 Spells                   Type           Power      Damage    Failure   Level
 Magic Dart               Conj           0%         1d3       43%         1
 Blink                    Tloc           N/A        N/A       58%         2
 Call Imp                 Summ           0%         N/A       58%         2
 Slow                     Hex            0%         N/A       58%         2
 Conjure Flame            Conj/Fire      0%         6-21      82%         3
 Mephitic Cloud           Conj/Pois/Air  0%         N/A       82%         3


Dungeon Overview and Level Annotations

Branches:
Dungeon (5/15)
 Temple: D:4-7

Altars:
Ashenzari
Hepliaklqana
Yredelemnul
The Shining One

Annotations:
D:5 Pikel


Innate Abilities, Weirdness & Mutations

When hurt, damage is shared between your health and your magic reserves.
You regenerate magic rapidly.
When seriously injured, your bleeding wounds create thick armour. (AC +9)


Message History

The wyvern zombie is moderately damaged.
The wyvern zombie bites you but does no damage.
You hit the wyvern zombie but do no damage.
The wyvern zombie is moderately damaged.
The wyvern zombie misses you. The wyvern zombie closely misses you.
You barely miss the wyvern zombie.
The wyvern zombie is moderately damaged.
The wyvern zombie misses you.
You hit the wyvern zombie.
The wyvern zombie is moderately damaged.
The wyvern zombie bites you but does no damage.
The wyvern zombie barely misses you.
You hit the wyvern zombie but do no damage.
The wyvern zombie is moderately damaged.
The wyvern zombie closely misses you.
You hit the wyvern zombie.
The wyvern zombie is heavily damaged.
The wyvern zombie completely misses you.
The wyvern zombie barely misses you.
You hit the wyvern zombie.
The wyvern zombie is severely damaged.
The wyvern zombie bites you but does no damage.
You barely miss the wyvern zombie.
The wyvern zombie is severely damaged.
The wyvern zombie bites you! The wyvern zombie bites you.
You hit the wyvern zombie.
The wyvern zombie is severely damaged.
The wyvern zombie bites you!
* * * LOW HITPOINT WARNING * * *
You hit the wyvern zombie.
The wyvern zombie is almost destroyed.
The wyvern zombie closely misses you. The wyvern zombie misses you.
You hit the wyvern zombie but do no damage.
The wyvern zombie is almost destroyed.
The wyvern zombie bites you!
* * * LOW HITPOINT WARNING * * *
You barely miss the wyvern zombie.
The wyvern zombie is almost destroyed.
The wyvern zombie bites you.
You die...

[.##)5sr.###.# ...
.....##### #.##
##Z... .......#
#..##...# ....[.$#
##...(#
###....######..###
####.".......###
.######....# ##
####Z# #@# / #.#
#.# ###


You could see a wyvern zombie.

Vanquished Creatures
  4 lemures (D:5)
  A scorpion (D:5)
  3 hounds (D:4)
  An orc wizard (D:3)
  5 adders
  2 worms (D:2)
  A dart slug (D:2)
  11 orcs
  6 bats
  10 endoplasms
  4 giant cockroaches
  11 hobgoblins
  7 jackals
  9 kobolds
  6 quokkas
  6 ball pythons
  4 frilled lizards
  3 goblins (D:1)
  5 rats
  A spectral orc (D:4)
100 creatures vanquished.

Vanquished Creatures (others)
  4 plants (D:1)
4 creatures vanquished.

Grand Total: 104 creatures vanquished

Notes
Turn   | Place    | Note
-------+----------+-------------------------------------------
     0 | Abyss:1  | Lemonice the Demonspawn Abyssal Knight began the quest for
                  | the Orb.
     0 | Abyss:1  | Reached XP level 1. HP: 18/18 MP: 2/2
    40 | Abyss:1  | Noticed a balrug
    42 | D:1      | Escaped the Abyss
   465 | D:1      | Reached skill level 1 in Dodging
   465 | D:1      | Gained mutation: When seriously injured, your bleeding
                  | wounds create armour. (AC +9) [demonic ancestry]
   465 | D:1      | Reached XP level 2. HP: 14/24 MP: 4/4
   604 | D:1      | Reached * piety under Lugonu
   926 | D:1      | Gained mutation: You regenerate magic rapidly. [demonic
                  | ancestry]
   926 | D:1      | Reached XP level 3. HP: 24/29 MP: 5/5
  2488 | D:2      | Found a faded altar of an unknown god.
  2545 | D:2      | Gained mutation: When hurt, damage is shared between your
                  | health and your magic reserves. [demonic ancestry]
  2545 | D:2      | Reached XP level 4. HP: 23/35 MP: 6/6
  3114 | D:2      | Reached ** piety under Lugonu
  3831 | D:3      | Found a basalt altar of Yredelemnul.
  4296 | D:3      | Reached XP level 5. HP: 38/42 MP: 7/7
  4948 | D:4      | Found a broken altar of Ashenzari.
  5288 | D:4      | Found a hazy altar of Hepliaklqana.
  5787 | D:4      | Gained mutation: When seriously injured, your bleeding
                  | wounds create thick armour. (AC +9) [demonic ancestry]
  5787 | D:4      | Reached XP level 6. HP: 45/48 MP: 9/9
  5870 | D:5      | Entered Level 5 of the Dungeon
  5886 | D:5      | Noticed Pikel
  6099 | D:5      | HP: 1/48 [wyvern zombie (8)]
  6100 | D:5      | Slain by a wyvern zombie

Illustrated notes

Levels and vault maps discovered:
D:1:      mrwooster_arrival_arrow, layout_loops_ring, serial_forest,
          infiniplex_forest_lined_room_, infiniplex_forest_corner_1,
          infiniplex_forest_straight_3, infiniplex_forest_zigzag_1,
          infiniplex_forest_lined_2, infiniplex_forest_clump_small,
          infiniplex_forest_clump_small, infiniplex_forest_diagonal,
          infiniplex_forest_end_3, infiniplex_forest_end_double, minmay_tripent
D:2:      layout_basic, shapermc_ecumenical_altar_mp_highgroup
D:3:      layout_loops_corners, nicolae_tso_carved_into_rock,
          lemuel_doored_altar, minivault_26
D:4:      layout_basic, nicolae_hepliaklqana_monster_ancestors,
          marbit_many_paths, serial_corexii_hall, corexii_hall_statues_u,
          chequers_hall_statues_y, corexii_hall_statues_x
D:5:      layout_rooms, makhleb_blood_cavern_becter, serial_glass,
          glass_columns_c, glass_columns_c, uniq_pikel

Skill      XL: |  1  2  3  4  5 |
---------------+----------------+-----
Armour         | 2 3 |  3.1
Dodging        | 1 2 |  2.5
Axes           | 2 3 |  3.1
Invocations    | 3 4 |  4.3
Fighting       | 4 |  4.1

Action                   |  1- 3 |  4- 6 || total
-------------------------+-------+-------++-------
Melee: Hand axe          |   161 |   250 ||   411
Invok: Depart the Abyss  |     1 |       ||     1
       Bend Space        |       |     1 ||     1
Evoke: Wand              |       |     1 ||     1
  Use: Potion            |       |     8 ||     8
 Stab: Sleeping          |     1 |       ||     1
Armor: Leather armour    |    82 |    88 ||   170
Dodge: Dodged            |   131 |   147 ||   278

Table legend: (Time is in decaauts)
 A = Elapsed time spent in this place.
 B = Non-inter-level travel time spent in this place.
 C = Inter-level travel time spent in this place.
 D = Time resting spent in this place.
 E = Time spent auto-exploring this place.
 F = Levels seen in this place.
 G = Mean time per level.
                   A        B        C        D        E       F      G
               +--------+--------+--------+--------+--------+-----+--------+
         Total |   6153 |   6112 |     41 |      0 |   5201 |   6 | 1025.5 |
       Dungeon |   6111 |   6070 |     41 |      0 |   5201 |   5 | 1222.2 |
         Abyss |     42 |     42 |      0 |      0 |      0 |   1 |   42.0 |
               +--------+--------+--------+--------+--------+-----+--------+

Top non-repeatable levels by time:
     D:1: 1695 daAuts
     D:2: 1623 daAuts
     D:4: 1463 daAuts
     D:3: 1108 daAuts
     D:5: 220 daAuts
 Abyss:1: 42 daAuts
